 Dungeon Crawl Stone Soup version 0.25-a0-589-g1e14c549ee (webtiles) character file.

Game seed: 17222171582038021319, levelgen mode: deterministic

62428 sanka the Gelid (level 15, -20/126 HPs)
             Began as a Barachi Ice Elementalist on Mar 10, 2020.
             Was the Champion of Vehumet.
             Demolished by a skeletal warrior
             ... wielding a +0 short sword
             ... led by a skeletal warrior
              (25 damage)
             ... on level 13 of the Dungeon.
             The game lasted 01:14:29 (27054 turns).

sanka the Gelid (Barachi Ice Elementalist)         Turns: 27054, Time: 01:14:30

Health: -20/126    AC:  8    Str: 11    XL:     15   Next: 6%
Magic:  25/31      EV: 23    Int: 21    God:    Vehumet [******]
Gold:   1283       SH:  5    Dex: 18    Spells: 8/39 levels left

rFire    + . .     SeeInvis .   b - +5 rapier "Ocovuclo" {freeze, +Rage rPois}
rCold    + . .     Gourm    .   W - +0 buckler
rNeg     . . .     Faith    .   F - +2 robe {rC+ rF+}
rPois    +         Spirit   .   i - +0 helmet
rElec    .         Reflect  .   h - +0 cloak
rCorr    .         Harm     .   d - +0 pair of gloves
MR       +....                  O - +0 pair of boots
Stlth    ++........             Y - amulet of magic regeneration
HPRegen  0.31/turn              k - +6 ring of dexterity
MPRegen  0.47/turn              L - +6 ring of slaying

@: slow
A: +LOS, swims, slowness 1, strong legs 2
a: Hop, Renounce Religion, Evoke Berserk Rage


You were on level 13 of the Dungeon.
You worshipped Vehumet.
Vehumet was exalted by your worship.
You were not hungry.

You visited 4 branches of the dungeon, and saw 22 of its levels.
You also visited: Sewer and Bailey.

You collected 2230 gold pieces.
You spent 947 gold pieces at shops.


Innate Abilities, Weirdness & Mutations

You can be seen from farther away. (+LOS)
You can swim through water.
You cover ground slowly.
You can hop long distances.


   Skills:
 - Level 14.0 Fighting
 - Level 13.0 Dodging
 - Level 1.7 Stealth
 - Level 4.0 Shields
 + Level 12.7 Spellcasting
 - Level 6.0 Conjurations
 - Level 3.0 Summonings
 + Level 15.3 Ice Magic
 - Level 3.0 Air Magic
 - Level 4.0 Evocations


You had 8 spell levels left.
You knew the following spells:

 Your Spells              Type           Power        Failure   Level  Hunger
a - Ozocubu's Armour      Chrm/Ice       #####...     1%          3    None
c - Sticky Flame          Conj/Fire      ####....     4%          4    None
u - Hailstorm             Conj/Ice       ######..     1%          4    None
x - Summon Ice Beast      Ice/Summ       ######..     1%          4    None
y - Frozen Ramparts       Ice            ######       1%          3    None
z - Ozocubu's Refrigerat  Ice            ######....   1%          6    #####..
C - Freezing Cloud        Conj/Ice/Air   #####.....   7%          6    #####..
X - Freeze                Ice            ####         0%          1    None

Your spell library contained the following spells:

 Spells                   Type           Power        Failure   Level  Hunger
 Irradiate                Conj/Tmut      ####......   11%         5    ####...
 Magic Dart               Conj           ####         1%          1    None
 Summon Small Mammal      Summ           ####         1%          1    None
 Conjure Flame            Conj/Fire      ####....     1%          3    None
 Mephitic Cloud           Conj/Pois/Air  ####....     1%          3    None
 Call Imp                 Summ           ####....     2%          2    None
 Animate Skeleton         Necr           N/A          4%          1    None
 Apportation              Tloc           ##....       4%          1    None
 Corona                   Hex            ##.....      4%          1    None
 Call Canine Familiar     Summ           ####....     4%          3    None
 Lightning Bolt           Conj/Air       ####......   6%          5    ####...
 Metabolic Englaciation   Hex/Ice        #####.....   6%          5    ####...
 Blink                    Tloc           N/A          8%          2    None
 Slow                     Hex            ##......     8%          2    None
 Summon Guardian Golem    Hex/Summ       ###.....     8%          3    None
 Confusing Touch          Hex            ##......     14%         3    None
 Gell's Gravitas          Tloc           ##........   14%         3    None
 Summon Lightning Spire   Summ/Air       ####....     14%         4    None
 Bolt of Magma            Conj/Fire/Erth ###.......   16%         5    ####...
 Yara's Violent Unravell  Hex/Tmut       ##........   32%         5    ####...
 Leda's Liquefaction      Hex/Erth       ##........   43%         4    None
 Petrify                  Tmut/Erth      ##......     43%         4    None
 Iron Shot                Conj/Erth      ####......   45%         6    #####..
 Statue Form              Tmut/Erth      ##.......    100%        6    #####..
 Shatter                  Erth           ##........   100%        9    #######

Inventory:

Hand Weapons
 a - the +3 hunting sling of Sunlight {venom, *Corrode +Fly rC++ MR+}

   It poisons the ammo it fires.
   It greatly protects you from cold.
   It affects your resistance to hostile enchantments.
   It lets you fly.
   It may corrode you when you take damage.
 b - the +5 rapier "Ocovuclo" (weapon) {freeze, +Rage rPois}

   It has been specially enchanted to freeze those struck by it, causing extra
   injury to most foes and up to half again as much damage against particularly
   susceptible opponents.
   It can also slow down cold-blooded creatures.
   It protects you from poison.
   It lets you go berserk.
Missiles
 r - 651 stones (quivered)
 H - 5 throwing nets {=f}
 Q - 6 curare-tipped darts {=f}
Armour
 d - a +0 pair of gloves (worn)
 h - a +0 cloak (worn)
 i - a +0 helmet (worn)
 F - a +2 robe of resistance (worn)
 O - a +0 pair of boots (worn)
 W - a +0 buckler (worn)
Jewellery
 j - an uncursed ring of see invisible
 k - a +6 ring of dexterity (left hand)
 p - the ring "Ycer" {+Inv rElec rPois rF+ Stlth-}

   [ring of protection from fire]

   It protects you from fire.
   It insulates you from electricity.
   It protects you from poison.
   It lets you turn invisible.
   It makes you less stealthy.
 w - an uncursed ring of wizardry
 L - a +6 ring of slaying (right hand)
 P - an uncursed ring of resist corrosion
 Y - an amulet of magic regeneration (around neck)
Wands
 g - a wand of polymorph (7)
 I - a wand of paralysis (19)
 K - a wand of scattershot (7)
 S - a wand of iceblast (14)
 V - a wand of digging (16)
Scrolls
 e - 8 scrolls of remove curse
 f - a scroll of silence {!r}
 t - 7 scrolls of teleportation {@r4}
 u - 8 scrolls of enchant armour
 v - 4 scrolls of amnesia
 x - 5 scrolls of fear
 y - a scroll of torment {unknown}
 C - 4 scrolls of fog
 D - 2 scrolls of blinking
 N - 3 scrolls of enchant weapon
 X - a scroll of summoning
 Z - a scroll of brand weapon
Potions
 l - 15 potions of curing {@q1}
 n - 3 potions of cancellation
 o - a potion of experience {unknown}
 q - a potion of berserk rage {!q}
 s - 14 potions of heal wounds {@q2}
 z - 5 potions of haste {@q3}
 A - 6 potions of flight {unknown}
 E - 2 potions of brilliance {unknown}
 G - 5 potions of magic {unknown}
 M - 2 potions of degeneration {unknown}
 R - 2 potions of might
 T - 2 potions of lignification {unknown}
 U - 2 potions of ambrosia
Comestibles
 c - 39 rations

Dungeon Overview and Level Annotations

Branches:
Dungeon (13/15)            Temple (1/1) D:6            Lair (6/6) D:9
 Shoals (0/4) Lair:2       Spider (0/4) Lair:3        Slime (0/5) Lair:6
    Orc (2/2) D:10            Elf (0/3) Orc:2        Vaults (0/5) D:13
  Sewer (visited)          Bailey (visited)

Altars:
Cheibriados
Dithmenos
Elyvilon
Fedhas
Gozag
Kikubaaqudgha
Makhleb
Nemelex Xobeh
Okawaru
Qazlal
Ru
Trog
Uskayaw
Vehumet
Wu Jian
Xom
Yredelemnul
Zin
The Shining One

Shops:
D:7 [   D:9 !   Orc:1 (   Orc:2 [[[:

Annotations:
D:3 1 runed translucent door, Crazy Yiuf

▒. .▒.▒.▒ ▒.▒......
▒.▒.▒.▒.▒.▒.▒......
▒.▒.▒...▒.▒.▒......
▒.▒.......▒.▒...... ...
▒...........▒...... .....
.................▒ .......▒
▒.................
........▒▒▒z................
........O.zF...............)
..........z.z...............
▒...........................
▒...................▒▒▒....
▒.................▒▒ ▒▒...
▒................▒ ▒...
▒▒...............▒▒ ▒▒...
▒▒...............▒▒▒....
▒▒.....................


You could see 4 skeletal warriors and a two-headed ogre.


Message History

The skeletal warrior hits you with a +0 short sword!
You block the skeletal warrior's attack.
Unknown command.
Unknown command.
Deactivating autopickup; reactivate with Ctrl-A.
You puncture something! You freeze something. Something barely misses you.
Something hits you but does no damage.
The skeletal warrior hits you with a +0 short sword!
* * * LOW HITPOINT WARNING * * *
The skeletal warrior hits you with a +0 short sword!!
* * * LOW HITPOINT WARNING * * *
The skeletal warrior hits you but does no damage.
The skeletal warrior hits you with a +0 battleaxe!
* * * LOW HITPOINT WARNING * * *
Unknown command.
Unknown command.
Unknown command.
Use which ability? (? or * to list) You're too hungry.
Unknown command.
You eat one of the 40 rations.
That ration really hit the spot!
Something hits you.
* * * LOW HITPOINT WARNING * * *
The skeletal warrior hits you with a +0 short sword!!
* * * LOW HITPOINT WARNING * * *
The skeletal warrior hits you with a +0 short sword!!
You die...

Action                   |  1- 3 |  4- 6 |  7- 9 | 10-12 | 13-15 || total
-------------------------+-------+-------+-------+-------+-------++-------
Melee: Dagger            |    30 |       |       |       |       ||    30
       Whip              |       |     5 |    22 |   193 |    47 ||   267
       Rapier            |       |       |       |    33 |   428 ||   461
 Fire: Hunting sling     |    57 |   157 |   131 |    65 |     8 ||   418
 Cast: Freeze            |    38 |    53 |   100 |   316 |    11 ||   518
       Frozen Ramparts   |     1 |     1 |    15 |    42 |    16 ||    75
       Ozocubu's Armour  |       |       |     5 |    52 |    32 ||    89
       Ozocubu's Refrige |       |       |       |       |    78 ||    78
 Abil: Hop               |       |       |       |       |     2 ||     2
Evoke: Wand              |       |       |       |     4 |     1 ||     5
  Use: Scroll            |       |     5 |     9 |     6 |     4 ||    24
       Potion            |       |       |       |     1 |       ||     1
 Stab: Sleeping          |     1 |       |       |       |     1 ||     2
       Paralysed         |       |       |       |     3 |       ||     3
  Eat: Chunk             |     4 |     7 |    16 |    36 |    52 ||   115
       Ration            |       |       |       |     1 |     3 ||     4
Armor: Robe              |    23 |    24 |    24 |   102 |   109 ||   282
Dodge: Dodged            |    48 |    74 |    68 |   524 |   795 ||  1509
Block: Buckler           |       |       |       |       |    85 ||    85

Levels and vault maps discovered:
D:1:      dpeg_arrival_boxes_within_box, layout_loops_cross
D:2:      minmay_general_purpose_star, layout_rooms
D:3:      layout_rooms, nicolae_ru_the_path_less_chosen, gup_sewer_entry_pipe,
          uniq_crazy_yiuf_cottage, uniq_terence
D:4:      layout_basic, kennysheep_generic_room_10, uniq_ijyb,
          uniq_blork_the_orc
D:5:      layout_basic, first_ration, basic_altar, nemelex_dance_club_becter
D:6:      layout_loops_corners, minmay_temple_entry_butterflies
D:7:      layout_gridville, grunt_temple_overflow_holy_war,
          chequers_temple_overflow_statue_of_worship,
          nicolae_overflow_hidden_temple, serial_shops, kennysheep_little_box,
          chequers_serial_rivers_marsh, cheibriados_altar_1
D:8:      layout_basic
D:9:      layout_basic, grunt_temple_overflow_diamond, fedhas_altar_1,
          grunt_lair_entry_orc_guard_hut, serial_shops, shop, uniq_harold
D:10:     layout_irregular_city, david_orc_2
D:11:     layout_loops_corners, hangedman_ranch [blue_anna_fruit_fields]
D:12:     layout_rooms, okawaru_ov_weapons_minmay
D:13:     layout_big_octagon, david_vaults_3, minmay_misc_feat_more_columns,
          uniq_sonja
Temple:   compressed_dpeg_triangle_lava_temple
Lair:1:   layout_regular_city
Lair:2:   layout_loops_ring, minmay_shoals_entry_hut
Lair:3:   layout_roguey, spider_nest_entry_web_field, serial_bayou,
          serial_bayou_pond_e, serial_bayou_crossing, serial_bayou_lagoon_b,
          serial_bayou_pond_c, serial_bayou_pond_e, serial_bayou_pond_e,
          chequers_serial_rivers_large_b
Lair:4:   layout_cave_pods, lemuel_fruit_tree, serial_bayou_shore_b,
          infiniplex_staircase_pool
Lair:5:   layout_long_grid, grunt_megastairs_4
Lair:6:   minmay_lair_end_enchanted_forest, layout_cave_pods,
          nicolae_slime_entry_slimehenge, lemuel_fruit_fields,
          serial_bayou_shore_b, minmay_lair_oklob_chamber, grunt_megastairs_3,
          infiniplex_staircase_pool_2, uniq_josephine
Orc:1:    nicolae_orc_accident_1, layout_diamond_mine, enter_bailey_3,
          serial_shops, shop
Orc:2:    st_orc_mages, layout_caves

Notes
Turn   | Place    | Note
-------+----------+-------------------------------------------
     0 | D:1      | sanka the Barachi Ice Elementalist began the quest for the
                  | Orb.
     0 | D:1      | Reached XP level 1. HP: 13/13 MP: 3/3
   331 | D:1      | Reached skill level 5 in Ice Magic
   366 | D:1      | Reached XP level 2. HP: 16/19 MP: 2/5
  1151 | D:1      | Reached XP level 3. HP: 24/24 MP: 5/7
  1185 | D:2      | Reached skill level 3 in Spellcasting
  1499 | D:2      | Learned a level 3 spell: Frozen Ramparts
  1503 | D:2      | Learned a level 3 spell: Ozocubu's Armour
  1960 | D:2      | Reached XP level 4. HP: 29/30 MP: 6/9
  2373 | D:3      | Reached skill level 6 in Ice Magic
  2475 | D:3      | Noticed Terence
  2486 | D:3      | Killed Terence
  2516 | D:3      | Reached XP level 5. HP: 30/35 MP: 5/10
  2527 | D:3      | Reached skill level 4 in Spellcasting
  2615 | D:3      | Found a glowing drain.
  2642 | Sewer    | Entered a sewer
  2817 | Sewer    | Noticed a big kobold
  2830 | Sewer    | Killed a big kobold
  2830 | Sewer    | Reached skill level 7 in Ice Magic
  2830 | Sewer    | Reached XP level 6. HP: 36/41 MP: 6/12
  3073 | Sewer    | Found a white marble altar of Elyvilon.
  3308 | D:3      | Found a sacrificial altar of Ru.
  3417 | D:3      | Found a runed translucent door.
  3418 | D:3      | Noticed Crazy Yiuf
  3560 | D:4      | Learned a level 4 spell: Summon Ice Beast
  3649 | D:4      | Reached skill level 1 in Fighting
  3649 | D:4      | Reached skill level 1 in Summonings
  3676 | D:4      | Reached skill level 8 in Ice Magic
  3951 | D:4      | Identified a +2 robe of resistance
  3951 | D:4      | Noticed Blork the orc
  3965 | D:4      | Killed Blork the orc
  3965 | D:4      | Reached XP level 7. HP: 43/49 MP: 5/13
  4069 | D:4      | Reached skill level 2 in Fighting
  4069 | D:4      | Reached skill level 3 in Dodging
  4069 | D:4      | Reached skill level 2 in Summonings
  4133 | D:4      | Noticed Ijyb
  4135 | D:4      | Paralysed by Ijyb for 3 turns
  4142 | D:4      | Killed Ijyb
  4588 | D:5      | Entered Level 5 of the Dungeon
  4600 | D:5      | Found an ancient bone altar of Kikubaaqudgha.
  4681 | D:5      | Got a dazzling rapier
  4682 | D:5      | Identified the +5 rapier "Ocovuclo" {freeze, +Rage rPois}
                  | (You found it on level 5 of the Dungeon)
  5039 | D:5      | Reached skill level 3 in Fighting
  5039 | D:5      | Reached skill level 3 in Summonings
  5040 | D:5      | Reached XP level 8. HP: 42/58 MP: 7/15
  5128 | D:5      | Learned a level 4 spell: Hailstorm
  5231 | D:5      | Found a sparkling altar of Nemelex Xobeh.
  5465 | D:6      | Found a staircase to the Ecumenical Temple.
  5526 | Temple   | Entered the Ecumenical Temple
  5533 | Temple   | Became a worshipper of Vehumet
  5638 | D:6      | Reached skill level 4 in Dodging
  5638 | D:6      | Reached skill level 1 in Conjurations
  5729 | D:6      | Reached skill level 5 in Spellcasting
  5938 | D:6      | Reached skill level 4 in Fighting
  5938 | D:6      | Reached skill level 2 in Conjurations
  5938 | D:6      | Reached skill level 9 in Ice Magic
  6563 | D:7      | Reached skill level 1 in Evocations
  6761 | D:7      | Found Xinutiv's Antique Armour Shop.
  6768 | D:7      | Reached XP level 9. HP: 66/66 MP: 15/17
  6775 | D:7      | Bought a pair of boots for 108 gold pieces
  6812 | D:7      | Reached skill level 5 in Dodging
  6935 | D:7      | Reached skill level 2 in Evocations
  6935 | D:7      | Reached * piety under Vehumet
  6935 | D:7      | Offered knowledge of Shock by Vehumet.
  6939 | D:7      | Reached skill level 3 in Conjurations
  7144 | D:7      | Found a snail-covered altar of Cheibriados.
  7168 | D:7      | Found a white marble altar of Elyvilon.
  7170 | D:7      | Found a shadowy altar of Dithmenos.
  7170 | D:7      | Found a snail-covered altar of Cheibriados.
  7179 | D:7      | Found a hide-covered altar of Uskayaw.
  7246 | D:7      | Found a glowing golden altar of the Shining One.
  7247 | D:7      | Noticed an angel
  7318 | D:7      | Found a basalt altar of Yredelemnul.
  7319 | D:7      | Noticed a profane servitor
  7372 | D:7      | Reached skill level 5 in Fighting
  7548 | D:7      | Found an iron altar of Okawaru.
  7548 | D:7      | Found a shimmering altar of Xom.
  7666 | D:8      | Reached skill level 6 in Spellcasting
  7667 | D:8      | Reached skill level 3 in Evocations
  7675 | D:8      | Reached skill level 6 in Fighting
  7675 | D:8      | Reached skill level 6 in Dodging
  7675 | D:8      | Reached skill level 10 in Ice Magic
  7792 | D:8      | Reached skill level 4 in Evocations
  8270 | D:9      | Found a blossoming altar of Fedhas.
  8363 | D:9      | Reached XP level 10. HP: 73/77 MP: 11/19
  8373 | D:9      | Reached skill level 4 in Conjurations
  8379 | D:9      | Reached skill level 7 in Fighting
  8379 | D:9      | Reached skill level 7 in Dodging
  8738 | D:9      | Found a staircase to the Lair.
  8798 | D:9      | Offered knowledge of Searing Ray by Vehumet.
  8803 | D:9      | Reached ** piety under Vehumet
  8901 | D:9      | Found Pemyas's Distillery.
  8968 | D:9      | Reached skill level 8 in Fighting
  9041 | D:9      | Noticed Harold
  9055 | D:9      | Killed Harold
  9055 | D:9      | Reached skill level 8 in Dodging
  9055 | D:9      | Reached skill level 5 in Conjurations
  9316 | D:9      | Found a burning altar of Makhleb.
  9319 | D:9      | Found an ancient bone altar of Kikubaaqudgha.
  9331 | D:9      | Found an opulent altar of Gozag.
  9387 | D:10     | Entered Level 10 of the Dungeon
  9656 | D:10     | Reached skill level 9 in Fighting
  9713 | D:10     | Offered knowledge of Inner Flame by Vehumet.
  9772 | D:10     | Found a staircase to the Orcish Mines.
  9994 | D:10     | Noticed a two-headed ogre
 10003 | D:10     | Killed a two-headed ogre
 10003 | D:10     | Reached skill level 9 in Dodging
 10003 | D:10     | Reached XP level 11. HP: 90/90 MP: 14/20
 10025 | D:10     | Reached *** piety under Vehumet
 10072 | D:10     | Reached skill level 10 in Fighting
 10828 | D:11     | Reached skill level 10 in Dodging
 10832 | D:11     | Offered knowledge of Sticky Flame by Vehumet.
 11115 | D:11     | Noticed a three-headed hydra
 11124 | D:11     | Killed a three-headed hydra
 11124 | D:11     | Reached skill level 11 in Fighting
 11747 | D:11     | Learned a level 4 spell: Sticky Flame
 12096 | D:11     | Reached **** piety under Vehumet
 12167 | D:11     | Reached skill level 6 in Conjurations
 12224 | D:11     | Reached skill level 11 in Dodging
 12360 | Lair:1   | Entered Level 1 of the Lair of Beasts
 12452 | Lair:1   | Got a brightly glowing leather armour
 12463 | Lair:1   | Identified the +3 leather armour of the Worm {*Corrode rF+
                  | MR++ SInv} (You found it on level 1 of the Lair of Beasts)
 12891 | Lair:1   | Offered knowledge of Olgreb's Toxic Radiance by Vehumet.
 13381 | Lair:2   | Reached skill level 7 in Spellcasting
 13381 | Lair:2   | Reached XP level 12. HP: 91/102 MP: 15/22
 13442 | Lair:2   | Reached skill level 12 in Fighting
 14027 | Lair:2   | Found a staircase to the Shoals.
 14321 | Lair:3   | Found a hole to the Spider Nest.
 15087 | Lair:3   | Reached skill level 8 in Spellcasting
 15771 | Lair:4   | Reached skill level 12 in Dodging
 16283 | Lair:4   | Reached skill level 13 in Fighting
 17195 | Lair:5   | Reached ***** piety under Vehumet
 17195 | Lair:5   | Offered knowledge of Orb of Destruction by Vehumet.
 17802 | Lair:5   | Identified the Tome of Hurtful Cold
 17858 | Lair:6   | Entered Level 6 of the Lair of Beasts
 17867 | Lair:6   | Noticed a spriggan rider
 17869 | Lair:6   | Reached skill level 13 in Dodging
 17874 | Lair:6   | Found a staircase to the Slime Pits.
 17878 | Lair:6   | Noticed a spriggan rider
 17903 | Lair:6   | Learned a level 6 spell: Ozocubu's Refrigeration
 18100 | Lair:6   | Noticed a seven-headed hydra
 18119 | Lair:6   | Killed a seven-headed hydra
 18119 | Lair:6   | Gained mutation: You can hop long distances. [Barachi
                  | growth]
 18119 | Lair:6   | Reached XP level 13. HP: 88/112 MP: 17/25
 18126 | Lair:6   | Reached skill level 14 in Fighting
 18314 | Lair:6   | Reached skill level 11 in Ice Magic
 19166 | Lair:5   | Got an ancient hunting sling
 19167 | Lair:5   | Identified the +3 hunting sling of Sunlight {venom,
                  | *Corrode +Fly rC++ MR+} (You found it on level 5 of the
                  | Lair of Beasts)
 19282 | Lair:6   | Reached skill level 9 in Spellcasting
 19667 | Lair:6   | Reached skill level 12 in Ice Magic
 20038 | Lair:6   | Reached skill level 10 in Spellcasting
 20916 | Lair:6   | Reached skill level 13 in Ice Magic
 21527 | Lair:6   | Reached XP level 14. HP: 120/120 MP: 15/28
 21650 | Lair:6   | Reached skill level 11 in Spellcasting
 21711 | Lair:6   | Noticed Josephine
 21719 | Lair:6   | Killed Josephine
 22076 | Lair:6   | Got an ancient wooden ring
 22078 | Lair:6   | Identified the ring "Ycer" {+Inv rElec rPois rF+ Stlth-}
                  | (You found it on level 6 of the Lair of Beasts)
 22849 | Orc:1    | Entered Level 1 of the Orcish Mines
 22856 | Orc:1    | Found a flagged portal.
 22886 | Bailey   | Entered a bailey
 22892 | Bailey   | Offered knowledge of Freezing Cloud by Vehumet.
 23335 | Orc:1    | Found Vaxuph's Antique Weapon Boutique.
 23388 | Orc:2    | Entered Level 2 of the Orcish Mines
 23438 | Orc:2    | Reached skill level 1 in Shields
 23550 | Orc:2    | Found a staircase to the Elven Halls.
 23809 | Orc:2    | Reached skill level 2 in Shields
 23814 | Orc:2    | Found Ylirurubb's Antique Armour Emporium.
 23814 | Orc:2    | Found Ofaosku's Book Shoppe.
 23814 | Orc:2    | Found Ampuc's Antique Armour Shoppe.
 23815 | Orc:2    | Reached skill level 14 in Ice Magic
 23816 | Orc:2    | Identified a +0 robe of the Archmagi
 24128 | Orc:2    | Found Usonnel's Antique Armour Emporium.
 24148 | Orc:2    | Learned a level 6 spell: Freezing Cloud
 24153 | Orc:2    | Bought a pair of fine gloves for 275 gold pieces
 24163 | Orc:2    | Identified the +1 pair of gloves "Jigoyh" {MP+9 Dex+3
                  | Slay-4} (You bought it in a shop on level 2 of the Orcish
                  | Mines)
 24624 | Orc:1    | Reached skill level 3 in Shields
 24748 | Orc:1    | Reached ****** piety under Vehumet
 25027 | Lair:3   | Got a heavily jewelled robe
 25038 | Lair:3   | Identified the +3 robe of Curiosity {Str+2} (You found it
                  | on level 3 of the Lair of Beasts)
 25625 | D:12     | Reached skill level 1 in Air Magic
 25642 | D:12     | Got a smoking chain mail
 25653 | D:12     | Identified the +1 chain mail of the Republic {Dex+3 Slay+2}
                  | (You found it on level 12 of the Dungeon)
 25738 | D:12     | Reached skill level 4 in Shields
 25761 | D:12     | Found an iron altar of Okawaru.
 25918 | D:12     | Reached skill level 2 in Air Magic
 26188 | D:13     | Reached skill level 12 in Spellcasting
 26326 | D:9      | Bought a potion of haste for 120 gold pieces
 26326 | D:9      | Bought a potion of haste for 120 gold pieces
 26326 | D:9      | Bought a potion of curing for 36 gold pieces
 26326 | D:9      | Bought a potion of might for 48 gold pieces
 26326 | D:9      | Bought a potion of mutation for 96 gold pieces
 26326 | D:9      | Bought a potion of stabbing for 48 gold pieces
 26326 | D:9      | Bought a potion of ambrosia for 96 gold pieces
 26400 | D:13     | Found a gate to the Vaults.
 26400 | D:13     | Noticed Urug
 26400 | D:13     | Noticed Nessos
 26401 | D:13     | Reached skill level 3 in Air Magic
 26401 | D:13     | Offered knowledge of Irradiate by Vehumet.
 26404 | D:13     | Killed Urug
 26404 | D:13     | Killed Nessos
 26404 | D:13     | Reached skill level 15 in Ice Magic
 26580 | D:13     | Reached XP level 15. HP: 69/126 MP: 31/31
 26968 | D:13     | Noticed Sonja
 26972 | D:13     | Killed Sonja
 27054 | D:13     | HP: 5/126 [skeletal warrior/+0 short sword (20)]
 27054 | D:13     | Demolished by a skeletal warrior

Vanquished Creatures
  Nessos (D:13)
  7 hydras
  Josephine (Lair:6)
  Harold (D:9)
  A rakshasa (D:13)
  A centaur warrior (D:13)
  2 two-headed ogres
  3 death yaks (Lair:6)
  2 orc high priests
  Urug (D:13)
  Sonja (D:13)
  An orc knight (Orc:2)
  A wolf spider zombie (D:13)
  2 oklob plants (Lair:6)
  A cyclops (D:12)
  5 orc sorcerers
  An ugly thing (D:12)
  4 elephants (Lair:5)
  2 black mambas
  12 spiny frogs
  11 komodo dragons
  A rime drake (Lair:6)
  5 trolls
  5 hornets (Lair:6)
  4 polar bears (Lair:6)
  A snapping turtle (Lair:2)
  A blink frog (Lair:6)
  8 hippogriffs
  7 dream sheep
  7 wraiths
  13 spriggans (Lair:6)
  A vampire (D:11)
  4 wyverns
  31 yaks
  4 basilisks
  16 humans (D:13)
  8 vampire mosquitoes
  6 hungry ghosts
  A warg (Orc:1)
  12 water moccasins
  10 porcupines
  23 orc warriors
  3 phantoms
  5 black bears
  A necrophage (D:9)
  10 ogres
  4 sky beasts
  4 boggarts (Lair:6)
  26 wolves
  5 centaurs
  18 crocodiles
  6 big kobolds
  Blork the orc (D:4)
  19 bullfrogs
  A water moccasin skeleton (D:11)
  2 scorpions
  6 killer bees (D:11)
  8 howler monkeys
  4 wights (D:10)
  3 electric eels (Lair:3)
  3 crimson imps
  2 quasits
  3 centaur zombies
  13 hounds
  4 jellies
  2 bullfrog skeletons
  16 orc priests
  27 orc wizards
  2 centaur skeletons
  3 iguanas
  7 worker ants
  Ijyb (D:4)
  Terence (D:3)
  A howler monkey zombie (D:9)
  A worker ant zombie (D:11)
  22 gnolls
  A howler monkey skeleton (D:7)
  8 adders
  A river rat (Sewer)
  A shadow imp (D:2)
  5 oozes
  3 adder skeletons
  3 worms
  4 dart slugs
  6 leopard geckos
  58 orcs
  A ball python (D:3)
  7 bats
  9 giant cockroaches
  19 hobgoblins
  20 jackals
  2 quokkas
  A ball python skeleton (D:4)
  4 frilled lizards
  16 goblins
  A jackal skeleton (D:6)
  30 kobolds
  5 rats
  A butterfly (Lair:6)
  9 fungi
  4 plants
682 creatures vanquished.

Vanquished Creatures (others)
  12 fungi
  2 plants (Lair:6)
14 creatures vanquished.

Grand Total: 696 creatures vanquished
